 Dungeon Crawl Stone Soup version 0.19-a0-659-g8260ecf (webtiles) character file.

65 magipi the Charlatan (level 4, -3/28 HPs)
             Began as a Gargoyle Artificer on June 15, 2016.
             Slain by a giant frog (6 damage)
             ... on level 3 of the Dungeon.
             The game lasted 00:05:42 (1319 turns).

magipi the Charlatan (Gargoyle Artificer)           Turns: 1319, Time: 00:05:42

Health: -3/28      AC:  6    Str: 16    XL:     4   Next: 14%
Magic:  6/6        EV: 11    Int: 11    God:
Gold:   59         SH:  0    Dex: 11    Spells: 0 memorised, 3 levels left

rFire  . . .     SeeInvis .     j - +0 mace
rCold  . . .     Gourm    .     b - +0 leather armour
rNeg   + . .     Faith    .     (no shield)
rPois  ∞         Spirit   .     (no helmet)
rElec  +         Dismiss  .     (no cloak)
rCorr  .         Reflect  .     (no gloves)
SustAt .         Harm     .     (no boots)
MR     .....                    (no amulet)
Stlth  +.........               (no ring)
                                (no ring)

@: not resistant to hostile enchantments, very unstealthy
A: negative energy resistance 1, electricity resistance, unbreathing,
petrification resistance, rot immunity, AC +3
a: no special abilities


You were on level 3 of the Dungeon.
You were hungry.

You visited 1 branch of the dungeon, and saw 3 of its levels.

You collected 59 gold pieces.

Notes
Turn   | Place    | Note
--------------------------------------------------------------
     0 | D:1      | magipi the Gargoyle Artificer began the quest for the Orb.
     0 | D:1      | Reached XP level 1. HP: 12/12 MP: 2/2
   305 | D:1      | Reached XP level 2. HP: 16/16 MP: 2/4
   780 | D:1      | Reached XP level 3. HP: 14/21 MP: 5/5
  1001 | D:2      | Found a snail-covered altar of Cheibriados.
  1131 | D:2      | Reached XP level 4. HP: 25/27 MP: 6/6
  1134 | D:2      | Noticed Sigmund
  1274 | D:3      | Noticed a giant frog
  1319 | D:3      | Slain by a giant frog

Inventory:

Hand Weapons
 a - a +0 short sword
 j - a +0 mace (weapon)
Armour
 b - a +0 leather armour (worn)
Jewellery
 g - a cursed ring of loudness {unknown}
 k - an uncursed ring of poison resistance {unknown}
 m - a +2 ring of evasion {unknown}
Wands
 c - a wand of flame (1/48)
 d - a wand of enslavement (15/24)
 e - a wand of random effects (10/48)
Scrolls
 i - a scroll of enchant weapon {unknown}
Potions
 l - a potion of heal wounds {unknown}
Comestibles
 f - 3 bread rations
 h - a meat ration


   Skills:
 + Level 3.0 Fighting
 - Level 0.8 Short Blades
 - Level 1.5 Dodging
 - Level 1.1 Stealth
 + Level 3.6 Evocations


You had 3 spell levels left.
You didn't know any spells.

Dungeon Overview and Level Annotations

Branches:
Dungeon (3/15)

Altars:
Cheibriados

Annotations:
D:2 Sigmund


Innate Abilities, Weirdness & Mutations

You are resistant to torment.
Your stone body is resilient. (AC +3)
You are immune to poison.
You resist negative energy. (rN+)
You are resistant to electric shocks. (rElec)
You can survive without breathing.
You are immune to petrification.
You are immune to rotting.

Vault maps used:
D:1:      denvon_arrival_waterhouse
D:2:      wad_woods_tower, cheibriados_altar_1, uniq_natasha, uniq_sigmund
D:3:      minmay_cut_off


Message History

Found a stone staircase leading up.
There is a stone staircase leading up here.
Unknown command.
You closely miss the quokka. The quokka bites you.
The quokka closely misses you.
You hit the quokka but do no damage. The quokka closely misses you.
You closely miss the quokka. The quokka barely misses you.
The quokka closely misses you.
You closely miss the quokka.
The quokka bites you but does no damage.
The quokka barely misses you.
You closely miss the quokka. The quokka closely misses you.
You miss the quokka. The quokka misses you. x2
You closely miss the quokka.
The quokka bites you but does no damage. x2
You barely miss the quokka.
The quokka bites you but does no damage.
You barely miss the quokka. The quokka bites you.
The quokka bites you but does no damage.
You closely miss the quokka. The quokka closely misses you. x2
You hit the quokka.
The quokka is heavily wounded.
The quokka barely misses you.
You hit the quokka.
You kill the quokka!
Found a murky silvery potion.
You start resting.
A giant frog comes into view.
Found an onyx ring.
A dart slug comes into view.
The dart slug launches a dart at you. The slug dart hits you!
A goblin comes into view. It is wielding a dagger.
A dart slug comes into view.
The helpless goblin fails to defend itself.
You sock the goblin!
You kill the goblin!
Unknown command.
You hit the dart slug.
The dart slug is heavily wounded.
The dart slug bites you but does no damage.
You hit the dart slug.
You kill the dart slug!
You start resting.
The dart slug barely misses you.
You hit the dart slug.
The dart slug is lightly wounded.
The dart slug bites you but does no damage.
You hit the dart slug but do no damage.
The dart slug is lightly wounded.
The dart slug bites you.
You hit the dart slug.
The dart slug is moderately wounded.
The dart slug launches a dart at you. The slug dart hits you!
You hit the dart slug.
The dart slug is heavily wounded.
You hit the dart slug but do no damage.
The dart slug is heavily wounded.
The dart slug bites you but does no damage.
You hit the dart slug.
The dart slug is severely wounded.
The dart slug launches a dart at you. The slug dart hits you!
You hit the dart slug.
The dart slug is almost dead.
The dart slug launches a dart at you. The slug dart hits you!
You hit the dart slug.
You kill the dart slug!
Your Fighting skill increases to level 3!
You see here a dagger.
Found a scroll labeled FUCKUE PITA.
Found a knobbly smoking staff.
Found 17 stones.
A goblin comes into view.
You are feeling hungry.
The goblin shouts!
You see here an onyx ring.
k - an onyx ring Evoke which item? (* to show all) (? for menu, Esc to quit)
Zapping:
e - a wand of random effects (12/48)
Press: ? - help, Shift-Dir - straight line, f - giant frog
Aim: a giant frog The giant frog seems to speed up.
This wand has 11 charges left.
Unknown command.
Evoke which item? (* to show all) (? for menu, Esc to quit)
Zapping:
e - a wand of random effects (11/48)
Press: ? - help, Shift-Dir - straight line, f/p - giant frog
Aim: a giant frog (fast)
The mass of ice explodes!
The iceblast engulfs the giant frog.
The giant frog is heavily wounded.
The iceblast engulfs you!
Ouch! That really hurt!
* * * LOW HITPOINT WARNING * * *
This wand has 10 charges left.
The giant frog barely misses you. x2
Unknown command.
The giant frog hits you but does no damage.
The giant frog hits you.
You die...

)... #.............#
.....########.####.....
?.....<.....#).# ####
..........#.##.###
#................#
.....<..#.#.#....#
.$......#.#.#....#
F................##
#..#...##.#..#.#@.####.
#..............F..g.....
..!..................|..
.....##...##......#...(
.#. #.#####.......... #
.. .........?. ...
......#.#.## .##
..........## .....#.##..


You could see a giant frog and a goblin.

Vanquished Creatures
  3 adders (D:2)
  4 dart slugs
  A giant gecko (D:1)
  2 bats
  A giant cockroach (D:2)
  6 goblins
  5 hobgoblins
  2 quokkas
  A giant newt (D:1)
  2 kobolds (D:1)
  4 rats (D:1)
31 creatures vanquished.

Action                   |  1- 3 |  4- 6 || total
-------------------------+-------+-------++-------
Melee: Short sword       |    22 |       ||    22
       Mace              |    69 |    23 ||    92
Evoke: Wand              |    17 |     2 ||    19
 Stab: Sleeping          |       |     1 ||     1
  Eat: Chunk             |     1 |       ||     1
Armor: Leather armour    |    47 |    11 ||    58
Dodge: Dodged            |    65 |    17 ||    82

Action                   |  1- 3 |  4- 6 || total
-------------------------+-------+-------++-------
Melee: Short sword       |    22 |       ||    22
       Mace              |    69 |    23 ||    92
Evoke: Wand              |    17 |     2 ||    19
 Stab: Sleeping          |       |     1 ||     1
  Eat: Chunk             |     1 |       ||     1
Armor: Leather armour    |    47 |    11 ||    58
Dodge: Dodged            |    65 |    17 ||    82
